 Dungeon Crawl Stone Soup version 0.28-a0-664-gc179e30c89 (webtiles) character file.

Game seed: 4645430983475751289

210089 sanka the Fencer (level 18, -8/157 HPs)
             Began as a Palentonga Abyssal Knight on Oct 15, 2021.
             Was the Champion of Lugonu.
             Hit by a javelin thrown by a merfolk javelineer (19 damage)
             ... on level 4 of the Shoals.
             The game lasted 01:40:17 (50842 turns).

sanka the Fencer (Palentonga Abyssal Knight)       Turns: 50842, Time: 01:40:17

Health: -8/157     AC: 41    Str: 21    XL:     18   Next: 17%
Magic:  29/29      EV:  8    Int: 15    God:    Lugonu [******]
Gold:   1770       SH: 18    Dex: 23    Spells: 17/17 levels left

rFire   . . .      SeeInvis +   a - +9 double sword (distort)
rCold   . . .      Faith    .   N - +0 kite shield
rNeg    + . .      Spirit   .   D - +0 plate armour
rPois   .          Reflect  +   S - +2 hat "Wuefen" {rN+ Dex+8}
rElec   .          Harm     .   g - +0 cloak
rCorr   .          Rampage  .   p - +0 pair of gloves
Will    +....                   x - +0 barding
Stlth   ..........              Q - amulet of reflection
HPRegen 0.36/turn               v - ring "Naetsuqu" {Fly AC+4 Int+3 Slay+2 SInv}
MPRegen 0.21/turn               w - +4 ring of protection

@: flying, curled up
A: large, rugged brown scales 3, see invisible, deformed body, roll 1, armoured
tail, reflexive curl, stinger 1, thin skeletal structure 1
}: 1/15 runes: gossamer
a: Rolling Charge, Renounce Religion, Depart the Abyss, Bend Space, Banish,
Corrupt, Enter the Abyss


You were on level 4 of the Shoals.
You worshipped Lugonu.
Lugonu was exalted by your worship.
You visited 5 branches of the dungeon, and saw 31 of its levels.
You visited the Abyss 2 times.
You also visited: Ossuary.

You collected 3180 gold pieces.
You spent 1410 gold pieces at shops.


Innate Abilities, Weirdness & Mutations

You are completely covered in rugged brown scales. (AC +3, +7% HP)
You have supernaturally acute eyesight. (SInv)
Armour fits poorly on your strangely shaped body.
You can roll at nearby foes to attack.
You have a long armoured tail.
You curl defensively after being hit.
Your tail ends in a poisonous barb.
You have a somewhat thin skeletal structure. (Dex +2, Stealth+)


   Skills:
 + Level 14.7 Fighting
 - Level 16.0 Long Blades
 - Level 4.0 Axes
 + Level 14.0 Armour
 + Level 10.1 Dodging
 - Level 9.0 Shields
 - Level 15.0 Invocations


You had 17 spell levels left.
You didn't know any spells.
Your spell library contained the following spells:

 Spells                   Type           Power      Damage    Failure   Level
 Apportation              Tloc           0%         N/A       96%         1
 Foxfire                  Conj/Fire      0%         2x1d4     96%         1
 Freeze                   Ice            0%         1d3       96%         1
 Shock                    Conj/Air       0%         1d3       96%         1
 Summon Small Mammal      Summ           0%         N/A       96%         1
 Blink                    Tloc           N/A        N/A       99%         2
 Call Imp                 Summ           0%         N/A       99%         2
 Scorch                   Fire           0%         2d5       99%         2
 Slow                     Hex            0%         N/A       99%         2
 Static Discharge         Conj/Air       0%         N/A       99%         2
 Sublimation of Blood     Necr           0%         N/A       99%         2
 Call Canine Familiar     Summ           0%         N/A       100%        3
 Confusing Touch          Hex            0%         N/A       100%        3
 Conjure Flame            Conj/Fire      0%         6-21      100%        3
 Frozen Ramparts          Ice            0%         1d2       100%        3
 Ignite Poison            Fire/Tmut/Pois 0%         N/A       100%        3
 Inner Flame              Hex/Fire       0%         N/A       100%        3
 Lesser Beckoning         Tloc           0%         N/A       100%        3
 Mephitic Cloud           Conj/Pois/Air  0%         N/A       100%        3
 Summon Guardian Golem    Hex/Summ       0%         N/A       100%        3
 Swiftness                Air            0%         N/A       100%        3
 Vampiric Draining        Necr           0%         2d6       100%        3
 Airstrike                Air            0%         N/A       100%        4
 Dispel Undead            Necr           0%         3d6       100%        4
 Flame Wave               Conj/Fire      0%         3d3       100%        4
 Hailstorm                Conj/Ice       0%         3d3       100%        4
 Olgreb's Toxic Radiance  Pois           0%         N/A       100%        4
 Petrify                  Tmut/Erth      0%         N/A       100%        4
 Sticky Flame             Conj/Fire      0%         2d3       100%        4
 Summon Ice Beast         Ice/Summ       0%         N/A       100%        4
 Alistair's Intoxication  Tmut/Pois      0%         N/A       100%        5
 Fireball                 Conj/Fire      0%         3d3       100%        5
 Irradiate                Conj/Tmut      0%         3d14      100%        5
 Iskenderun's Battlesphe  Conj           0%         2d6       100%        5
 Manifold Assault         Tloc           0%         N/A       100%        5
 Summon Mana Viper        Hex/Summ       0%         N/A       100%        5
 Yara's Violent Unravell  Hex/Tmut       0%         3d3       100%        5
 Conjure Ball Lightning   Conj/Air       0%         3x3d6     100%        6
 Eringya's Noxious Bog    Tmut/Pois      0%         N/A       100%        6
 Invisibility             Hex            0%         N/A       100%        6
 Summon Cactus Giant      Summ           0%         N/A       100%        6
 Monstrous Menagerie      Summ           0%         N/A       100%        7
 Orb of Destruction       Conj           0%         N/A       100%        7
 Ozocubu's Refrigeration  Ice            0%         4d5       100%        7
 Ignition                 Fire           0%         3d3       100%        8
 Chain Lightning          Conj/Air       0%         N/A       100%        9
 Fire Storm               Conj/Fire      0%         5d1       100%        9
 Shatter                  Erth           0%         3d5*      100%        9

Inventory:

Hand Weapons
 a - a +9 double sword of distortion (weapon)
 b - a +4 scimitar of flaming
Missiles
 c - 5 curare-tipped darts {=f}
 J - 2 throwing nets {=f}
Armour
 g - a +0 cloak (worn)
 m - the +3 leather armour of Ceriff {rElec} rElec: It insulates you from electricity.
 p - a +0 pair of gloves (worn)
 x - a +0 barding (worn)
 D - a +0 plate armour (worn)
 N - a +0 kite shield (worn)
 S - the +2 hat "Wuefen" (worn) {rN+ Dex+8}

   Dex:       It affects your dexterity (+8).
   rN:        It protects you from negative energy.
Magical Staves
 d - a staff of cold
Jewellery
 v - the ring "Naetsuqu" (left hand) {Fly AC+4 Int+3 Slay+2 SInv}

   [ring of protection]

   AC:        It affects your AC (+4).
   Int:       It affects your intelligence (+3).
   Slay:      It affects your accuracy & damage with ranged weapons and melee
   (+2).
   SInv:      It lets you see invisible.
   Fly:       It grants you flight.
 w - a +4 ring of protection (right hand)
 G - a ring of protection from fire
 K - a ring of protection from fire
 Q - an amulet of reflection (around neck)
 Z - an amulet of regeneration
Wands
 k - a wand of iceblast (22)
 B - a wand of digging (10)
 H - a wand of mindburst (6)
 I - a wand of flame (84)
 X - a wand of polymorph (9)
Scrolls
 e - a scroll of blinking
 f - 2 scrolls of vulnerability {!r}
 h - 2 scrolls of silence {!r}
 n - a scroll of torment {!r}
 r - 9 scrolls of teleportation {@r4}
 t - 7 scrolls of immolation {!r}
 y - a scroll of identify {@r1}
 L - a scroll of acquirement
 O - 7 scrolls of fog
 R - a scroll of holy word
 T - 3 scrolls of magic mapping
 U - 6 scrolls of enchant armour
 V - 2 scrolls of fear
 Y - 2 scrolls of summoning
Potions
 i - 6 potions of heal wounds {@q2}
 j - a potion of lignification {!q}
 l - 5 potions of might
 q - 2 potions of brilliance
 s - a potion of cancellation
 u - 8 potions of ambrosia
 z - 2 potions of attraction {!q}
 A - 6 potions of curing {@q1}
 C - 8 potions of haste {@q3}
 F - 3 potions of mutation {!q}
 M - 4 potions of invisibility
 P - 2 potions of berserk rage {!q}
Miscellaneous
 o - a phial of floods
 E - a tin of tremorstones (2/2)
 W - a lightning rod (4/4)

Dungeon Overview and Level Annotations

Branches:
Dungeon (15/15)            Temple (0/1) D:6            Lair (6/6) D:9
 Shoals (4/4) Lair:3       Spider (4/4) Lair:4        Slime (0/5) Lair:5
    Orc (2/2) D:12            Elf (0/3) Orc:2        Vaults (0/5) D:14
 Depths (0/4) D:15        Ossuary (visited)

Altars:
Dithmenos
Elyvilon
Fedhas
Hepliaklqana
Makhleb
Okawaru
Sif Muna
Trog
Uskayaw
Vehumet
Xom
Yredelemnul
Zin
The Shining One
Beogh
Jiyva

Shops:
D:1 =   D:14 !*   Orc:1 (   Orc:2 ==(*   Shoals:1 *

Portals:
Trove: D:10 (give +2 storm dragon scales)

Annotations:
D:8 3 runed translucent doors, Soel's ghost, novice GrEE
D:10 2 runed translucent doors, Nikola2751's ghost, novice MiFi
Lair:2 1 runed translucent door, nago's ghost, journeyman DjWn
Abyss:1 Azrael; Grinder; Prince Ribbit; Roxanne; sn0wgr3's ghost, journeyman MiFi

≈≈≈≈........≈▒.≈
▒≈≈≈≈≈≈≈≈....<..▒▒ ▒▒▒▒
▒≈≈≈≈≈≈≈≈........≈ ▒
▒≈▒≈▒▒▒▒▒m≈≈..............
≈≈▒.≈≈≈≈▒≈▒≈................
≈≈≈≈≈≈≈≈≈≈≈≈...........†....
≈≈≈≈≈≈≈≈≈≈≈?......(.........
≈≈≈≈≈≈≈≈≈m≈≈≈...............
≈≈≈≈≈≈≈≈mm3H≈≈.............≈
≈≈≈≈≈≈≈≈≈3≈≈≈≈≈...........≈≈
≈≈≈≈≈≈≈≈≈≈≈≈≈≈≈........≈≈≈≈≈
≈≈≈≈≈≈≈≈≈≈≈≈≈≈≈≈≈≈≈≈≈≈≈≈≈≈≈≈
≈≈≈≈≈≈≈≈≈≈≈≈≈≈≈≈≈≈≈≈≈≈≈≈≈≈≈≈
≈≈≈≈≈≈≈≈≈≈≈≈≈≈≈≈≈≈≈≈≈≈≈≈≈≈≈≈
≈≈≈≈≈≈≈≈≈≈≈≈≈≈≈≈≈≈≈≈≈≈≈≈≈≈≈≈
≈≈≈≈≈≈≈≈≈≈≈≈≈≈≈≈≈≈≈≈≈≈≈≈≈≈≈≈
≈≈≈≈≈≈≈≈≈≈≈≈≈≈≈≈≈≈≈≈≈≈≈≈≈


You could see a merfolk javelineer, 2 sun demons and 3 water nymphs.


Message History

The water nymph points at you and mumbles some strange words.
The water rises up and strikes you.
* * * LOW HITPOINT WARNING * * *
You slash the sun demon!
The sun demon is moderately wounded.
The sun demon blinks!
The merfolk javelineer throws a javelin.
The javelin barely misses you. You block the sun demon's attack.
Unknown command.
The merfolk javelineer throws a javelin.
The javelin closely misses you.
The javelin pierces through the sun demon!!
You block the sun demon's attack. You block the water nymph's attack.
The merfolk javelineer throws a javelin.
The javelin pierces through you but does no damage.
The javelin closely misses the sun demon.
The sun demon hits you but does no damage.
The water nymph points at you and mumbles some strange words.
The water rises up and strikes you!
* * * LOW HITPOINT WARNING * * *
The merfolk javelineer throws a javelin.
The javelin barely misses you. The water nymph touches you.
The water nymph drowns you!
* * * LOW HITPOINT WARNING * * *
The merfolk javelineer throws a javelin.
The javelin pierces through you!!
You die...

Action                   |  1- 3 |  4- 6 |  7- 9 | 10-12 | 13-15 | 16-18 || total
-------------------------+-------+-------+-------+-------+-------+-------++-------
Melee: Hand axe          |    28 |       |       |       |       |       ||    28
       Tailslap          |     9 |    33 |    66 |   132 |   243 |   200 ||   683
       Long sword        |    32 |    69 |    49 |       |       |       ||   150
       Short sword       |    53 |    56 |    52 |     4 |       |       ||   165
       Dagger            |       |    14 |       |       |       |       ||    14
       War axe           |       |       |    90 |       |       |       ||    90
       Trident           |       |       |   163 |   604 |    19 |       ||   786
       Double sword      |       |       |       |       |  1322 |  1029 ||  2351
Throw: Dart              |       |       |       |    16 |     3 |       ||    19
Invok: Depart the Abyss  |     1 |       |       |       |       |     1 ||     2
       Bend Space        |       |     1 |       |       |       |       ||     1
       Banish            |       |       |     2 |     4 |     4 |     1 ||    11
       Brand Weapon With |       |       |       |       |     1 |       ||     1
 Abil: Rolling Charge    |     6 |     1 |     8 |       |    55 |    57 ||   127
Evoke: Wand              |       |       |     3 |    12 |       |       ||    15
  Use: Potion            |       |     2 |     1 |     2 |     2 |     7 ||    14
       Scroll            |       |     5 |     1 |     8 |    15 |    10 ||    39
 Stab: Sleeping          |     5 |     1 |       |       |       |       ||     6
       Distracted        |       |       |     1 |       |       |     1 ||     2
       Petrified         |       |       |       |       |    17 |       ||    17
       Invisible         |       |       |       |       |     3 |       ||     3
       Petrifying        |       |       |       |       |     1 |       ||     1
Armor: Leather armour    |    30 |    76 |    12 |       |       |       ||   118
       Plate armour      |       |       |   295 |   467 |   824 |   276 ||  1862
       Chain mail        |       |       |       |       |    56 |   421 ||   477
Dodge: Dodged            |    39 |    85 |    49 |    97 |   237 |   271 ||   778
Block: Buckler           |    19 |    39 |    50 |       |       |       ||   108
       Kite shield       |       |       |    88 |   355 |   615 |   854 ||  1912
       Reflection        |       |       |       |       |       |    32 ||    32

Levels and vault maps discovered:
D:1:      minmay_arrival_semitransparent, layout_rooms,
          chequers_ecumenical_altar_simple, serial_shops, nicolae_shop_stone,
          grunt_decor_one_mirror, minmay_pentomino_p4
D:2:      layout_loops_ring, chequers_serial_rivers_marsh, minmay_distorted
D:3:      minmay_diamond_boxcup, layout_loops_ring, minivault_5
D:4:      minmay_wonky_spiral, layout_basic, nicolae_ossuary_entry_ruins
D:5:      layout_loops_cross, mainiacjoe_overflow_cross_hatched,
          grunt_temple_overflow_open, uniq_grinder, uniq_blork_the_orc,
          uniq_prince_ribbit1
D:6:      layout_rooms, minmay_temple_entry_nine_rooms, minmay_checkerbox
D:7:      layout_cave_pods, serial_park_tiny_pond,
          chequers_serial_rivers_micro_a, chequers_mini_garden,
          grunt_ministairs_14, chequers_serial_rivers_large_b,
          chequers_serial_rivers_room_b
D:8:      layout_cave_pools, grunt_temple_overflow_lords_of_destruction,
          mainiacjoe_overflow_boulevard, gammafunk_ghost_necromancy, kb_rosetta
D:9:      layout_small_grid, tgw_sif, erik_lair_orcish_takeover,
          chequers_serial_rivers_micro_b, hangedman_decor_clover_reticule,
          hangedman_abyss_or_decor_stagger
D:10:     layout_layer_cave, amcnicky_altar_gilded,
          muffindrake_ghost_dual_entry, nicolae_trove_entry_free_sample
D:11:     layout_grid_maze, wad_scary_box
D:12:     layout_basic, orc_0_dummy
D:13:     layout_irregular_city
D:14:     layout_basic, ximxim_vaults_locker_room, amcnicky_mini_pool_small,
          serial_shops, nicolae_diamond_shop, zin_purify
D:15:     grunt_enter_depths_magical_seal, layout_rooms,
          chequers_serial_rivers_room_b, lightli_minifort
Lair:1:   layout_regular_city, columned_hall_lemuel, serial_bayou_shore_a
Lair:2:   layout_cave_pods, ebering_ghost_xom
Lair:3:   layout_regular_city, elwin_shoals_entry_rocks,
          chequers_serial_rivers_micro_e
Lair:4:   layout_gridlike, spider_nest_entry_webs, uniq_nergalle, uniq_urug
Lair:5:   minmay_lair_oklob_chamber, layout_layer_cave, slime_altar_1
Lair:6:   evilmike_catoblepas_cave, layout_regular_city,
          eino_small_chamber_without_monster, evilmike_ambush
          [evilmike_ambush_outer_corners, evilmike_ambush_inner_pond],
          lemuel_fruit_fields
Shoals:1: layout_shoals, nicolae_shop_gadgets
Shoals:2: layout_shoals
Shoals:3: layout_shoals, nicolae_shoals_kraken_intersection
Shoals:4: shoals_end_grunt_ice, layout_shoals, nicolae_shoals_sun_and_surf
Spider:1: gammafunk_boulding_lane
Spider:2: layout_spider_delve, gammafunk_ghost_berserking_beasts
Spider:3: layout_spider_delve, hangedman_spider_tarantella_strand, uniq_azrael,
          uniq_roxanne
Spider:4: grunt_spider_rune_circles
Orc:1:    layout_caves, gammafunk_ghost_split, serial_shops, shop, mines1_david,
          uniq_erolcha
Orc:2:    st_orc_town, layout_caves, basic_altar, uniq_josephine

Notes
Turn   | Place    | Note
-------+----------+-------------------------------------------
     0 | Abyss:1  | sanka the Palentonga Abyssal Knight began the quest for the
                  | Orb.
     0 | Abyss:1  | Reached XP level 1. HP: 19/19 MP: 2/2
    73 | Abyss:1  | Noticed a small abomination
    74 | D:1      | Escaped the Abyss
   299 | D:1      | Found a faded altar of an unknown god.
   443 | D:1      | Reached * piety under Lugonu
   444 | D:1      | Reached XP level 2. HP: 25/25 MP: 3/3
   470 | D:1      | Reached skill level 1 in Shields
   643 | D:1      | Reached skill level 3 in Invocations
   646 | D:1      | Reached XP level 3. HP: 22/31 MP: 5/5
   854 | D:1      | Found Xyoxzey's Jewellery Boutique.
  2114 | D:3      | Reached ** piety under Lugonu
  2319 | D:3      | Reached skill level 2 in Shields
  2324 | D:3      | Reached XP level 4. HP: 27/37 MP: 6/6
  2745 | D:4      | Reached skill level 4 in Invocations
  2762 | D:4      | Noticed a bullfrog
  2787 | D:4      | Reached XP level 5. HP: 43/43 MP: 8/8
  2806 | D:4      | Reached skill level 5 in Invocations
  2851 | D:4      | Found a sand-covered staircase.
  2865 | Ossuary  | Entered an ossuary
  2883 | Ossuary  | HP: 3/43 [elf zombie (5)]
  2954 | Ossuary  | HP: 2/43 [mummy (16)]
  3137 | Ossuary  | Reached skill level 6 in Invocations
  3137 | Ossuary  | Reached XP level 6. HP: 17/50 MP: 10/10
  3409 | Ossuary  | Reached skill level 7 in Invocations
  3783 | D:4      | Gained mutation: You curl defensively after being hit.
                  | [Palentonga growth]
  3783 | D:4      | Reached XP level 7. HP: 51/55 MP: 12/12
  4296 | D:4      | Reached skill level 8 in Invocations
  4408 | D:4      | Reached skill level 1 in Dodging
  4539 | D:4      | Reached *** piety under Lugonu
  4860 | D:5      | Entered Level 5 of the Dungeon
  4865 | D:5      | Noticed Prince Ribbit
  5185 | D:5      | Noticed Grinder
  5192 | D:5      | Reached skill level 2 in Armour
  5213 | D:5      | Banished Grinder
  5214 | D:5      | Reached skill level 4 in Fighting
  5259 | D:5      | Reached skill level 3 in Armour
  5290 | D:4      | HP: 4/53 [wight (7)]
  5293 | D:4      | Reached XP level 8. HP: 34/60 MP: 14/14
  5672 | D:4      | Banished Prince Ribbit
  5673 | D:4      | Reached skill level 5 in Fighting
  5834 | D:5      | Reached skill level 4 in Armour
  5954 | D:5      | Found a basalt altar of Yredelemnul.
  5956 | D:5      | Found an iron altar of Okawaru.
  5957 | D:5      | Found a hazy altar of Hepliaklqana.
  5957 | D:5      | Found a hide-covered altar of Uskayaw.
  5958 | D:5      | Found a blossoming altar of Fedhas.
  5958 | D:5      | Found a glowing golden altar of the Shining One.
  6012 | D:5      | Noticed Blork the orc
  6041 | D:5      | Killed Blork the orc
  6217 | D:5      | Found a shadowy altar of Dithmenos.
  6404 | D:5      | Reached skill level 6 in Fighting
  6686 | D:5      | Reached skill level 3 in Axes
  7347 | D:6      | Reached XP level 9. HP: 66/75 MP: 11/15
  7355 | D:6      | Reached skill level 5 in Armour
  7620 | D:6      | Reached skill level 4 in Axes
  7691 | D:6      | Identified the +9 trident "Egyt" {vorpal, rElec rC- rN+++}
  7854 | D:6      | Found a staircase to the Ecumenical Temple.
  7872 | D:6      | Reached skill level 7 in Fighting
  8346 | D:7      | Reached skill level 3 in Shields
  8786 | D:7      | Reached skill level 6 in Armour
  9219 | D:7      | Identified +0 steam dragon scales
  9827 | D:8      | Reached skill level 8 in Fighting
  9840 | D:8      | Reached skill level 4 in Shields
 10061 | D:8      | Found a runed translucent gate.
 10061 | D:8      | Found a runed translucent gate.
 10061 | D:8      | Found a runed translucent gate.
 10062 | D:8      | Noticed Soel's ghost (novice GrEE)
 10066 | D:8      | Found a bloodstained altar of Trog.
 10148 | D:8      | Reached **** piety under Lugonu
 10299 | D:8      | Found a radiant altar of Vehumet.
 10300 | D:8      | Found a burning altar of Makhleb.
 10302 | D:8      | Reached XP level 10. HP: 85/85 MP: 16/16
 10586 | D:8      | Noticed a cyclops
 10593 | D:8      | Killed a cyclops
 10673 | D:8      | Noticed a manticore
 10677 | D:8      | Killed a manticore
 10678 | D:8      | Reached skill level 7 in Armour
 10678 | D:8      | Reached skill level 5 in Shields
 11300 | D:9      | Found a shimmering blue altar of Sif Muna.
 11339 | D:9      | Paralysed by a hornet for 2 turns
 11344 | D:9      | Reached skill level 9 in Fighting
 11483 | D:9      | Identified +0 acid dragon scales
 11597 | D:9      | HP: 8/88 [poisoned by a killer bee]
 12006 | D:9      | Found a staircase to the Lair.
 12850 | D:9      | Reached skill level 6 in Shields
 13059 | D:10     | Entered Level 10 of the Dungeon
 13311 | D:11     | Noticed a five-headed hydra
 13325 | D:11     | Killed a five-headed hydra
 13660 | D:11     | Reached XP level 11. HP: 92/96 MP: 8/17
 13669 | D:11     | Reached skill level 8 in Armour
 13807 | D:11     | Noticed a boulder beetle
 13821 | D:11     | Killed a boulder beetle
 13822 | D:11     | Reached skill level 10 in Fighting
 14273 | D:10     | Noticed a two-headed ogre
 14281 | D:10     | Killed a two-headed ogre
 14439 | D:10     | Noticed Nikola2751's ghost (novice MiFi)
 14440 | D:10     | Noticed a lich
 14440 | D:10     | Noticed a deep troll
 14441 | D:10     | Noticed a deep elf archer
 14458 | D:10     | Found a runed translucent door.
 14466 | D:10     | Noticed a necromancer
 14473 | D:10     | Found a runed translucent door.
 14502 | D:10     | Noticed a centaur warrior
 14510 | D:10     | Killed a centaur warrior
 14511 | D:10     | Reached skill level 7 in Shields
 14816 | D:10     | Found a portal to a secret trove of treasure.
 14870 | D:10     | Found a white marble altar of Elyvilon.
 16431 | D:11     | Noticed an ettin
 16431 | D:11     | Noticed a catoblepas
 16431 | D:11     | Noticed a wolf spider
 16431 | D:11     | Noticed a six-headed hydra
 16431 | D:11     | Noticed a six-headed hydra
 16431 | D:11     | Noticed a boulder beetle
 16787 | D:11     | Reached skill level 11 in Fighting
 16787 | D:11     | Reached skill level 9 in Armour
 17224 | D:10     | Identified +0 acid dragon scales
 17370 | Lair:1   | Entered Level 1 of the Lair of Beasts
 18278 | Lair:2   | Reached skill level 8 in Shields
 18278 | Lair:2   | Reached XP level 12. HP: 95/107 MP: 18/18
 19148 | Lair:2   | Found a runed translucent door.
 19148 | Lair:2   | Noticed a five-headed hydra
 19155 | Lair:2   | Killed a five-headed hydra
 19194 | Lair:2   | Found a shimmering altar of Xom.
 19194 | Lair:2   | Noticed nago's ghost (journeyman DjWn)
 20426 | Lair:2   | Reached skill level 12 in Fighting
 20657 | Lair:2   | Reached skill level 10 in Armour
 20900 | Lair:3   | Found a staircase to the Shoals.
 20981 | Lair:3   | Noticed a five-headed hydra
 20986 | Lair:3   | Reached skill level 9 in Shields
 20994 | Lair:3   | Killed a five-headed hydra
 21161 | Lair:3   | Reached skill level 11 in Armour
 22314 | Lair:4   | Noticed Nergalle
 22437 | Lair:4   | Killed Nergalle
 22493 | Lair:4   | Noticed Urug
 22519 | Lair:4   | HP: 9/109 [Urug (3)]
 22520 | Lair:4   | Killed Urug
 22521 | Lair:4   | Reached XP level 13. HP: 10/115 MP: 19/19
 23171 | Lair:4   | Reached skill level 12 in Armour
 23236 | Lair:4   | Reached skill level 1 in Long Blades
 23279 | Lair:4   | Reached skill level 2 in Long Blades
 23282 | Lair:4   | Reached ***** piety under Lugonu
 23481 | Lair:4   | Reached skill level 3 in Long Blades
 23518 | Lair:4   | Found a hole to the Spider Nest.
 23593 | Lair:4   | Reached skill level 4 in Long Blades
 24281 | Lair:5   | Reached skill level 5 in Long Blades
 24347 | Lair:5   | Reached skill level 6 in Long Blades
 24468 | Lair:5   | Reached skill level 7 in Long Blades
 24824 | Lair:5   | Reached skill level 8 in Long Blades
 24894 | Lair:5   | Found a viscous altar of Jiyva.
 24895 | Lair:5   | Found a staircase to the Slime Pits.
 25376 | Lair:5   | Reached skill level 9 in Long Blades
 26124 | Lair:5   | Reached skill level 10 in Long Blades
 26215 | Lair:6   | Entered Level 6 of the Lair of Beasts
 26772 | Lair:6   | Reached XP level 14. HP: 117/123 MP: 20/20
 26959 | Lair:6   | Reached skill level 11 in Long Blades
 27583 | Lair:6   | Reached skill level 12 in Long Blades
 28005 | Lair:6   | Reached skill level 13 in Long Blades
 28232 | Lair:6   | Identified the +3 leather armour of Ceriff {rElec}
 28714 | Lair:6   | Reached skill level 2 in Dodging
 28919 | Lair:6   | Reached skill level 3 in Dodging
 29524 | Lair:5   | Got the Reference Book on Calling
 29850 | D:11     | Reached skill level 14 in Long Blades
 29885 | D:11     | Reached skill level 4 in Dodging
 31216 | D:12     | Found a staircase to the Orcish Mines.
 31291 | D:12     | Reached XP level 15. HP: 128/128 MP: 21/21
 31312 | D:12     | Reached skill level 5 in Dodging
 31556 | Orc:1    | Entered Level 1 of the Orcish Mines
 31561 | Orc:1    | Found Cetemal's Antique Weapon Shop.
 31590 | Orc:1    | Found a runed translucent gate.
 31592 | Orc:1    | Reached ****** piety under Lugonu
 31619 | Orc:1    | Found a runed translucent gate.
 31620 | Orc:1    | Found a runed translucent gate.
 31734 | Orc:1    | Noticed sn0wgr3's ghost (journeyman MiFi)
 31734 | Orc:1    | Noticed Erolcha
 31741 | Orc:1    | Killed Erolcha
 32158 | Orc:2    | Entered Level 2 of the Orcish Mines
 32158 | Orc:2    | Found a staircase to the Elven Halls.
 32210 | Orc:1    | Banished sn0wgr3's ghost
 32347 | Orc:1    | Identified a scroll of acquirement
 33163 | Orc:2    | Identified a +2 robe of the Archmagi
 33163 | Orc:2    | Noticed Josephine
 33172 | Orc:2    | Killed Josephine
 33173 | Orc:2    | Reached skill level 6 in Dodging
 33564 | Orc:2    | Reached skill level 15 in Long Blades
 33653 | Orc:2    | Found Bolieng's General Store.
 33653 | Orc:2    | Found Itupek's Weapon Boutique.
 33724 | Orc:2    | Found a radiant altar of Vehumet.
 33994 | Orc:2    | Found Mauxokhluimy's Jewellery Boutique.
 34044 | Orc:2    | Found Xypsielo's Jewellery Emporium.
 34194 | Orc:2    | Bought an amulet of regeneration for 450 gold pieces
 34194 | Orc:2    | Bought the ring "Naetsuqu" {Fly AC+4 Int+3 Slay+2 SInv} for
                  | 960 gold pieces
 34214 | Orc:2    | Identified a +8 double sword of distortion (a +6 double
                  | sword of flaming corrupted by Lugonu)
 34214 | Orc:2    | Received a gift from Lugonu
 34385 | D:13     | You are sucked into a shaft and drop 2 floors!
 34385 | D:15     | Entered Level 15 of the Dungeon
 34784 | D:15     | Found a staircase to the Depths.
 34834 | D:15     | Reached skill level 16 in Long Blades
 35323 | D:14     | Found a gate to the Vaults.
 35416 | D:14     | Found Zin's Purification Station.
 35420 | D:14     | Found a glowing silver altar of Zin.
 35728 | D:14     | Found Aherazxu's Distillery.
 36584 | D:13     | Reached skill level 9 in Invocations
 36707 | D:13     | You are sucked into a shaft and drop 2 floors!
 37004 | Spider:1 | Entered Level 1 of the Spider Nest
 37078 | Spider:1 | Reached skill level 7 in Dodging
 37131 | Spider:1 | Found a transporter.
 37133 | Spider:1 | Found a transporter.
 37411 | Spider:1 | Reached XP level 16. HP: 138/138 MP: 23/23
 38088 | Spider:2 | Reached skill level 10 in Invocations
 38127 | Spider:1 | HP: 11/138 [redback (10)]
 38786 | Spider:1 | Found a transporter.
 38816 | Spider:1 | Found a transporter.
 39271 | Spider:2 | Got the Disquisition on Poisoning
 39481 | Spider:2 | Noticed Hatoet's ghost (adept TrHu)
 39499 | Spider:2 | Found a transporter.
 39516 | Spider:2 | Found a transporter.
 39713 | Spider:2 | Reached skill level 11 in Invocations
 39749 | Spider:2 | Killed Hatoet's ghost
 40127 | Spider:2 | Identified the +2 hat "Wuefen" {rN+ Dex+8}
 40249 | Spider:3 | Identified Roxanne's Reference Book on Moulding
 40249 | Spider:3 | Noticed Roxanne
 40341 | Spider:3 | Reached skill level 12 in Invocations
 40422 | Spider:3 | Noticed Azrael
 40445 | Spider:3 | Banished Azrael
 41020 | Spider:3 | Reached skill level 13 in Invocations
 41257 | Spider:3 | Banished Roxanne
 41727 | Spider:4 | Entered Level 4 of the Spider Nest
 41773 | Spider:4 | Reached skill level 14 in Invocations
 42668 | Spider:4 | Reached XP level 17. HP: 144/144 MP: 26/28
 42810 | Spider:4 | Reached skill level 15 in Invocations
 42978 | Spider:4 | Reached skill level 13 in Fighting
 43107 | Spider:4 | Reached skill level 8 in Dodging
 43256 | Spider:3 | HP: 13/146 [poisoned by an emperor scorpion]
 43257 | Spider:3 | HP: 6/146 [poisoned by an emperor scorpion]
 44000 | Spider:4 | Reached skill level 13 in Armour
 44064 | Spider:4 | Got a gossamer rune of Zot
 45191 | Shoals:1 | Entered Level 1 of the Shoals
 45668 | Shoals:1 | Found Qydau's Gadget Gallery.
 46351 | Shoals:2 | Cast into level 2 of the Abyss (merfolk)
 46355 | Abyss:2  | Gained mutation: You are weak. (Str -2) [a neqoxec]
 46358 | Abyss:2  | Gained mutation: You are very weak. (Str -4) [a neqoxec]
 46369 | Abyss:2  | Lost mutation: You are very weak. (Str -4) [potion of
                  | mutation]
 46369 | Abyss:2  | Lost mutation: You are weak. (Str -2) [potion of mutation]
 46369 | Abyss:2  | Gained mutation: Your tail ends in a poisonous barb.
                  | [potion of mutation]
 46369 | Abyss:2  | Gained mutation: You have a somewhat thin skeletal
                  | structure. (Dex +2, Stealth+) [potion of mutation]
 46452 | Abyss:2  | Reached skill level 9 in Dodging
 46456 | Shoals:2 | Escaped the Abyss
 47040 | Shoals:2 | Reached skill level 14 in Fighting
 47782 | Shoals:3 | Noticed a kraken
 48000 | Shoals:3 | Banished a kraken
 48863 | Shoals:3 | Reached XP level 18. HP: 157/157 MP: 29/29
 49270 | Shoals:4 | Entered Level 4 of the Shoals
 50233 | Shoals:3 | Reached skill level 10 in Dodging
 50394 | Shoals:3 | Reached skill level 14 in Armour
 50841 | Shoals:4 | HP: 11/157 [drowned by a water nymph (11)]
 50842 | Shoals:4 | Hit by a javelin thrown by a merfolk javelineer

Vanquished Creatures
  The ghost of Hatoet the Brawler, an adept TrHu of the Shining One (Spider:2)
  8 emperor scorpions
  4 ghost moths (Spider:4)
  A deep elf elementalist (Abyss:2)
  7 entropy weavers
  3 merfolk impalers
  An ettin (D:11)
  2 merfolk javelineers
  Josephine (Orc:2)
  A vault guard (D:14)
  Erolcha (Orc:1)
  16 hydras
  6 boulder beetles
  A merfolk avatar (Shoals:3)
  4 catoblepae
  4 centaur warriors
  14 death yaks
  2 alligator snapping turtles
  3 two-headed ogres
  2 satyrs (Shoals:3)
  A thrashing horror (Abyss:2)
  Urug (Lair:4)
  Nergalle (Lair:4)
  A sun demon (Shoals:4)
  A sixfirhy (Abyss:2)
  10 sea snakes
  A necromancer (D:15)
  15 harpies
  4 orc knights
  A wolf spider zombie (D:15)
  5 oklob plants (Lair:5)
  11 wolf spiders
  24 orb spiders
  15 manticores
  A deep elf pyromancer (D:14)
  9 cyclopes
  18 fauns
  6 ugly things
  11 orc sorcerers
  A moth of wrath (Spider:2)
  4 centaur zombies
  8 merfolk sirens
  21 elephants
  A naga mage (D:15)
  2 black mambas (Lair:5)
  A water nymph (Shoals:3)
  5 torpor snails
  17 cane toads
  2 rime drakes
  An unseen horror (D:11)
  A freezing wraith (D:14)
  3 komodo dragons
  An efreet (D:11)
  2 burning bushes (Lair:6)
  6 demonic crawlers
  17 jumping spiders
  13 merfolk
  5 trolls
  2 wind drakes
  A polar bear (Lair:1)
  5 hornets
  22 blink frogs
  6 snapping turtles
  11 slime creatures
  3 dream sheep
  33 tarantellas
  A centaur simulacrum (D:15)
  4 water elementals
  82 redbacks
  54 yaks
  7 wraiths
  9 humans (D:14)
  3 steam dragons
  6 basilisks
  A neqoxec (Abyss:2)
  5 wyverns
  3 fire elementals (Spider:3)
  7 vampire mosquitoes
  11 wargs
  A hell hound (Spider:3)
  18 water moccasins
  2 acid dragons
  3 ice beasts (D:5)
  16 orc warriors
  A sky beast (D:8)
  3 black bears
  5 ogres
  10 wolves
  9 boggarts
  18 centaurs
  5 kobold brigands
  2 elf zombies (Ossuary)
  Blork the orc (D:5)
  14 bullfrogs
  A gnoll sergeant (D:5)
  3 scorpions
  19 killer bees
  4 wights
  4 electric eels
  3 howler monkeys
  A crimson imp (D:8)
  9 hounds
  14 orc priests
  A bullfrog zombie (D:5)
  A jelly (D:7)
  A human zombie (Ossuary)
  A centaur skeleton (D:6)
  A gnoll shaman (D:5)
  39 orc wizards
  4 iguanas
  3 killer bee zombies
  2 hound skeletons
  4 mummies (Ossuary)
  14 gnolls
  3 adders
  A white imp (D:8)
  2 ufetubi
  An adder skeleton (D:4)
  2 dart slugs
  82 orcs
  5 endoplasms
  2 giant cockroaches
  7 goblins
  12 hobgoblins
  3 jackals (D:1)
  5 quokkas
  11 ball pythons
  3 frilled lizards
  3 goblin zombies (Ossuary)
  3 jackal zombies (Ossuary)
  30 kobolds
  A kobold zombie (Ossuary)
  An orc zombie (Ossuary)
  2 rats (D:1)
  A rat zombie (Ossuary)
  6 tentacles (Shoals:3)
1028 creatures vanquished.

Vanquished Creatures (others)
  A yak (D:11)
  2 orc wizards (Orc:2)
  An orc (D:15)
  2 kobolds (D:8)
  60 fungi
  93 plants
  13 tentacles (Shoals:3)
172 creatures vanquished.

Grand Total: 1200 creatures vanquished
